BSA
MAUI TROPICS @ NASSAU ROCKETS
07/28/2030
 
TOP OF THE 1ST
Maui Tropics batting - Pitching for Nassau Rockets : RHP Paço Boda
Pitching: RHP Paço Boda
Batting: LHB Warren Potter 0-0: Ball
1-0: Ball
2-0: Ball
3-0: Base on Balls
Batting: LHB Dave Cook 0-0: Ball
1-0: Ball
2-0: Foul Ball, location: 2F
2-1: Foul Ball, location: 2F
2-2: SINGLE (Flyball, 78S)
Warren Potter to second
Batting: RHB Jesús Espinoza 0-0: Foul Ball, location: 2F
0-1: Swinging Strike
0-2: Foul Ball, location: 2F
0-2: Ball
1-2: Ball
2-2: SINGLE (Groundball, 4MD)
Warren Potter to third
Dave Cook to second
Runner from 3rd tries for Home, throw and OUT!
Batting: RHB Luis Alou 0-0: Grounds into double play, 4-6-3 (Groundball, 4)
Top of the 1st over - 0 runs, 2 hits, 0 errors, 1 left on base; Maui 0 - Nassau 0
BOTTOM OF THE 1ST
Nassau Rockets batting - Pitching for Maui Tropics : LHP Jerry Martin
Pitching: LHP Jerry Martin
Batting: RHB Jesús Villalobos 0-0: Swinging Strike
0-1: Ball
1-1: Ball
2-1: SINGLE (Line Drive, 7S)
Batting: LHB Juan Romero 0-0: Ball
1-0: Foul Ball, location: 2F
1-1: Ball
2-1: Called Strike
2-2: SINGLE (Groundball, 34D) (infield hit)
Jesús Villalobos to second
Batting: LHB Andrew Alvarado 0-0: Ball
1-0: Grounds into double play, 6-4-3 (Groundball, 6)
Jesús Villalobos to third
Batting: RHB Dexter Potter 0-0: Called Strike
0-1: SINGLE (Flyball, 8RS) - OUT at second base trying to stretch hit.
Jesús Villalobos scores
Bottom of the 1st over - 1 run, 3 hits, 0 errors, 0 left on base; Maui 0 - Nassau 1
TOP OF THE 2ND
Maui Tropics batting - Pitching for Nassau Rockets : RHP Paço Boda
Batting: LHB Luis Antonio Torres 0-0: Swinging Strike
0-1: Foul Ball, location: 2F
0-2: Ball
1-2: Strikes out swinging
Batting: RHB José Rodríguez 0-0: Ball
1-0: Foul Ball, location: 2F
1-1: Called Strike
1-2: Ball
2-2: Strikes out swinging
Batting: RHB Michael Woodruff 0-0: Called Strike
0-1: Ball
1-1: Swinging Strike
1-2: Ball
2-2: Ball
3-2: Foul Ball, location: 2F
3-2: Strikes out swinging, 2-3 out at first.
Top of the 2nd over - 0 runs, 0 hits, 0 errors, 0 left on base; Maui 0 - Nassau 1
BOTTOM OF THE 2ND
Nassau Rockets batting - Pitching for Maui Tropics : LHP Jerry Martin
Batting: RHB Salvador Borbón 0-0: Called Strike
0-1: Fly out, F8 (Flyball, 8LM)
Batting: RHB António Zúńiga 0-0: Fly out, F6 (Popup, 6S)
Batting: RHB Wallace Greene 0-0: Ball
1-0: Called Strike
1-1: Ground out 5-3 (Groundball, 56)
Bottom of the 2nd over - 0 runs, 0 hits, 0 errors, 0 left on base; Maui 0 - Nassau 1
TOP OF THE 3RD
Maui Tropics batting - Pitching for Nassau Rockets : RHP Paço Boda
Batting: RHB Matt Silver 0-0: Ball
1-0: Ball
2-0: Bunt missed!
2-1: Ball
3-1: Ground out 6-3 (Groundball, 6)
Batting: RHB John Brown 0-0: Called Strike
0-1: SINGLE (Groundball, 34D)
Batting: LHB Warren Potter 0-0: Fly out, F8 (Flyball, 8LXD)
Batting: LHB Dave Cook 0-0: Called Strike
0-1: Foul Ball, location: 2F
0-2: Ball
1-2: Ball
Wild Pitch!
John Brown to second
2-2: Ball
3-2: Foul Ball, location: 2F
3-2: Base on Balls
Batting: RHB Jesús Espinoza 0-0: Ball
1-0: Swinging Strike
1-1: Ball
2-1: Called Strike
2-2: Strikes out swinging
Top of the 3rd over - 0 runs, 1 hit, 0 errors, 2 left on base; Maui 0 - Nassau 1
BOTTOM OF THE 3RD
Nassau Rockets batting - Pitching for Maui Tropics : LHP Jerry Martin
Batting: SHB Edgardo Osorio 0-0: Ball
1-0: Ball
2-0: Foul Ball, location: 2F
2-1: Fly out, F4 (Popup, 4D)
Batting: RHB Kenji Kudo 0-0: Called Strike
0-1: SOLO HOME RUN (Flyball, 7D), Distance : 372 ft
Batting: RHB Jesús Villalobos 0-0: Ball
1-0: Fly out, F9 (Flyball, 9S)
Batting: LHB Juan Romero 0-0: Ball
1-0: Foul Ball, location: 2F
1-1: SINGLE (Line Drive, 6MD)
Batting: LHB Andrew Alvarado 0-0: Ball
1-0: Ball
2-0: Called Strike
2-1: Ball
3-1: Ground out 4-3 (Groundball, 4)
Bottom of the 3rd over - 1 run, 2 hits, 0 errors, 1 left on base; Maui 0 - Nassau 2
TOP OF THE 4TH
Maui Tropics batting - Pitching for Nassau Rockets : RHP Paço Boda
Batting: RHB Luis Alou 0-0: Called Strike
0-1: Ball
1-1: SINGLE (Groundball, 56D)
Batting: LHB Luis Antonio Torres 0-0: Ball
1-0: Ball
2-0: Called Strike
2-1: Called Strike
2-2: Foul Ball, location: 2F
2-2: Foul Ball, location: 2F
2-2: Grounds into double play, 6-4-3 (Groundball, 6M)
Batting: RHB José Rodríguez 0-0: Ground out 5-3 (Groundball, 5)
Top of the 4th over - 0 runs, 1 hit, 0 errors, 0 left on base; Maui 0 - Nassau 2
BOTTOM OF THE 4TH
Nassau Rockets batting - Pitching for Maui Tropics : LHP Jerry Martin
Batting: RHB Dexter Potter 0-0: Called Strike
0-1: Ball
1-1: Fly out, F9 (Flyball, 9S)
Batting: RHB Salvador Borbón 0-0: Ball
1-0: Ball
2-0: Called Strike
2-1: Ground out 5-3 (Groundball, 56S)
Batting: RHB António Zúńiga 0-0: Called Strike
0-1: Called Strike
0-2: Strikes out swinging
Bottom of the 4th over - 0 runs, 0 hits, 0 errors, 0 left on base; Maui 0 - Nassau 2
TOP OF THE 5TH
Maui Tropics batting - Pitching for Nassau Rockets : RHP Paço Boda
Batting: RHB Michael Woodruff 0-0: Ball
1-0: Ball
2-0: Called Strike
2-1: Ball
3-1: Fly out, F9 (Flyball, 89S)
Batting: RHB Matt Silver 0-0: Ball
1-0: Ball
2-0: Fly out, F9 (Flyball, 89S)
Batting: RHB John Brown 0-0: Called Strike
0-1: Ball
1-1: Ball
2-1: Ball
3-1: Base on Balls
Batting: LHB Warren Potter 0-0: Foul Ball, location: 2F
0-1: Fly out, F3 (Line Drive, 34)
Top of the 5th over - 0 runs, 0 hits, 0 errors, 1 left on base; Maui 0 - Nassau 2
BOTTOM OF THE 5TH
Nassau Rockets batting - Pitching for Maui Tropics : LHP Jerry Martin
Batting: RHB Wallace Greene 0-0: Ball
1-0: Ball
2-0: Foul Ball, location: 2F
2-1: Ball
3-1: Foul Ball, location: 2F
3-2: Base on Balls
Batting: SHB Edgardo Osorio 0-0: Ball
1-0: Grounds into double play, 4-6-3 (Groundball, 34)
Batting: RHB Kenji Kudo 0-0: Foul Ball, location: 2F
0-1: Ball
1-1: Ball
2-1: Ball
3-1: Base on Balls
Batting: RHB Jesús Villalobos 0-0: Called Strike
0-1: Ball
1-1: Ball
2-1: Ball
3-1: SINGLE (Groundball, 6D)
Kenji Kudo to second
Batting: LHB Juan Romero 0-0: Foul Ball, location: 2F
0-1: Foul Ball, location: 2F
0-2: Ground out 6-3 (Groundball, 6S)
Bottom of the 5th over - 0 runs, 1 hit, 0 errors, 2 left on base; Maui 0 - Nassau 2
TOP OF THE 6TH
Maui Tropics batting - Pitching for Nassau Rockets : RHP Paço Boda
Batting: LHB Dave Cook 0-0: Ball
1-0: Swinging Strike
1-1: Swinging Strike
1-2: Strikes out swinging
Batting: RHB Jesús Espinoza 0-0: Fly out, F7 (Flyball, 7S)
Batting: RHB Luis Alou 0-0: Called Strike
0-1: Ball
1-1: Ball
2-1: Foul Ball, location: 2F
2-2: Strikes out swinging
Top of the 6th over - 0 runs, 0 hits, 0 errors, 0 left on base; Maui 0 - Nassau 2
BOTTOM OF THE 6TH
Nassau Rockets batting - Pitching for Maui Tropics : LHP Jerry Martin
Batting: LHB Andrew Alvarado 0-0: DOUBLE (Line Drive, 9LS)
Batting: RHB Dexter Potter 0-0: Ball
1-0: Ball
2-0: Called Strike
2-1: Ball
3-1: Fly out, F8 (Flyball, 89D)
Runner from 2nd tags up, SAFE at 3rd, no throw
Batting: RHB Salvador Borbón 0-0: Called Strike
0-1: Ball
1-1: Ball
2-1: SINGLE (Groundball, 6D)
Andrew Alvarado scores
Batting: RHB António Zúńiga 0-0: Called Strike
0-1: Ball
1-1: Swinging Strike
1-2: Strikes out swinging
Batting: RHB Wallace Greene 0-0: Ground out U3 (Groundball, 34S)
Bottom of the 6th over - 1 run, 2 hits, 0 errors, 1 left on base; Maui 0 - Nassau 3
TOP OF THE 7TH
Maui Tropics batting - Pitching for Nassau Rockets : RHP Paço Boda
Batting: LHB Luis Antonio Torres 0-0: Ball
1-0: Ball
2-0: SINGLE (Groundball, 6MD)
Batting: RHB José Rodríguez 0-0: Foul Ball, location: 2F
0-1: Foul Ball, location: 2F
0-2: Ball
1-2: Foul Ball, location: 2F
1-2: Strikes out swinging
Batting: RHB Michael Woodruff 0-0: Foul Ball, location: 2F
0-1: Ball
1-1: Ball
2-1: Foul Ball, location: 2F
2-2: Foul Ball, location: 2F
2-2: Strikes out swinging
Batting: RHB Matt Silver 0-0: Fly out, F9 (Flyball, 9LM)
Top of the 7th over - 0 runs, 1 hit, 0 errors, 1 left on base; Maui 0 - Nassau 3
BOTTOM OF THE 7TH
Nassau Rockets batting - Pitching for Maui Tropics : LHP Jerry Martin
Batting: SHB Edgardo Osorio 0-0: Called Strike
0-1: Ball
1-1: Ball
2-1: Called Strike
2-2: Ball
3-2: Base on Balls
Batting: RHB Kenji Kudo 0-0: Called Strike
0-1: Ball
1-1: Ball
2-1: Fly out, F7 (Line Drive, 7D)
Batting: RHB Jesús Villalobos 0-0: Ball
1-0: Grounds into double play, 6-4-3 (Groundball, 6)
Bottom of the 7th over - 0 runs, 0 hits, 0 errors, 0 left on base; Maui 0 - Nassau 3
TOP OF THE 8TH
Maui Tropics batting - Pitching for Nassau Rockets : RHP Paço Boda
Batting: RHB John Brown 0-0: Called Strike
0-1: Ball
1-1: Ball
2-1: Ground out 1-3 (Groundball, 13)
Pitching: LHP Dennis Taylor
Batting: LHB Warren Potter 0-0: Foul Ball, location: 2F
0-1: Ball
1-1: Ball
2-1: Called Strike
2-2: Fly out, F5 (Line Drive, 56)
Batting: LHB Dave Cook 0-0: Called Strike
0-1: Ball
1-1: Foul Ball, location: 2F
1-2: Strikes out swinging
Top of the 8th over - 0 runs, 0 hits, 0 errors, 0 left on base; Maui 0 - Nassau 3
BOTTOM OF THE 8TH
Nassau Rockets batting - Pitching for Maui Tropics : LHP Jerry Martin
Batting: LHB Juan Romero 0-0: Ball
1-0: Ball
2-0: Ball
3-0: Base on Balls
Batting: LHB Andrew Alvarado 0-0: Fly out, F7 (Flyball, 7D)
Batting: RHB Dexter Potter 0-0: Ball
1-0: Ball
2-0: Foul Ball, location: 2F
2-1: Grounds into double play, 5-4-3 (Groundball, 56)
Bottom of the 8th over - 0 runs, 0 hits, 0 errors, 0 left on base; Maui 0 - Nassau 3
TOP OF THE 9TH
Maui Tropics batting - Pitching for Nassau Rockets : LHP Dennis Taylor
Pitching: RHP Chris Marshall
Batting: RHB Jesús Espinoza 0-0: Fly out, F7 (Flyball, 7)
Batting: RHB Luis Alou 0-0: Foul Ball, location: 2F
0-1: Foul Ball, location: 2F
0-2: Ball
1-2: Ball
2-2: Ball
3-2: Foul Ball, location: 2F
3-2: Strikes out swinging
Batting: LHB Luis Antonio Torres 0-0: Ball
1-0: Ball
2-0: Ball
3-0: Called Strike
3-1: DOUBLE (Line Drive, 9LD)
Batting: RHB José Rodríguez 0-0: Fly out, F7 (Flyball, 78S)
Top of the 9th over - 0 runs, 1 hit, 0 errors, 1 left on base; Maui 0 - Nassau 3
Saturday, April 7th, 2018 - OOTP Baseball 18.8 Build 76